 Dungeon Crawl Stone Soup version 0.16.0-17-g811c1d7 (webtiles) character file.

446 kourikargou the Firebug (level 7, -1/36 HPs)
             Began as a Tengu Fire Elementalist on Mar 20, 2015.
             Was an Initiate of Vehumet.
             Slain by a giant frog (5 damage)
             ... on level 4 of the Dungeon.
             The game lasted 00:16:14 (3045 turns).

kourikargou the Firebug (Tengu Fire Elementalist)   Turns: 3045, Time: 00:16:15

Health: -1/36      AC:  3    Str:  8    XL:     7   Next: 3%
Magic:  4/17       EV: 14    Int: 18    God:    Vehumet [......]
Gold:   193        SH:  0    Dex: 14    Spells: 3 memorised, 5 levels left

rFire  . . .     SeeInvis .     o - +0 dagger
rCold  . . .     Clarity  .     a - +0 robe
rNeg   . . .     SustAb   .     (no shield)
rPois  .         Gourm    .     (helmet restricted)
rElec  .         Spirit   .     (no cloak)
rCorr  .         Warding  .     v - +0 pair of gloves
rMut   .         Rnd*Tele +     (boots unavailable)
MR     .....                    (no amulet)
Stlth  ++........               (no ring)
                                h - ring of teleportation (curse)

@: not resistant to hostile enchantments, unstealthy
A: able to fly, beak, talons 3
a: Fly, Renounce Religion, Evoke Teleportation


You were on level 4 of the Dungeon.
You worshipped Vehumet.
Vehumet was noncommittal.
You were not hungry.

You visited 2 branches of the dungeon, and saw 6 of its levels.

You collected 193 gold pieces.

Inventory:

Hand weapons
 o - a +0 dagger (weapon)
Armour
 a - a +0 robe (worn)
 r - a +0 helmet
 v - a +0 pair of gloves (worn)
Jewellery
 h - a cursed ring of teleportation (left hand)
 x - a +4 ring of intelligence {unknown}
Magical devices
 w - a wand of lightning (6)
Scrolls
 d - 2 scrolls of recharging {unknown}
 g - a scroll of amnesia {unknown}
 j - 6 scrolls of teleportation {unknown}
 k - 3 scrolls of remove curse {unknown}
 l - 3 scrolls of enchant armour {unknown}
 q - 3 scrolls of identify {unknown}
 t - a scroll of enchant weapon {unknown}
Potions
 e - a potion of beneficial mutation {unknown}
 i - a potion of agility {unknown}
 m - 3 potions of heal wounds {unknown}
 s - a potion of haste {unknown}
 u - a potion of poison {unknown}
 z - a potion of restore abilities {unknown}
Books
 b - a book of Flames

   Spells                             Type                      Level
   a - Flame Tongue                   Conjuration/Fire             1
   b - Throw Flame                    Conjuration/Fire             2
   c - Conjure Flame                  Conjuration/Fire             3
   d - Inner Flame                    Hexes/Fire                   3
   e - Sticky Flame                   Conjuration/Fire             4
   f - Fireball                       Conjuration/Fire             5
Comestibles
 c - 5 bread rations
 f - a beef jerky
 n - 2 slices of pizza
 p - a meat ration


   Skills:
 + Level 3.9 Dodging
 - Level 2.0 Stealth
 + Level 3.6 Spellcasting
 + Level 4.2 Conjurations
 * Level 5.7 Fire Magic


You had 5 spell levels left.
You knew the following spells:

 Your Spells              Type           Power        Failure   Level  Hunger
a - Flame Tongue          Conj/Fire      ###..        1%          1    None
b - Conjure Flame         Conj/Fire      ###.....     10%         3    ###....
c - Sticky Flame          Conj/Fire      ###.....     24%         4    ####...


Dungeon Overview and Level Annotations

Branches:
Dungeon (5/15)             Temple (1/1) D:4

Altars:
Ashenzari
Cheibriados
Dithmenos
Gozag
Kikubaaqudgha
Nemelex Xobeh
Okawaru
Qazlal
Ru
Sif Muna
Trog
Vehumet
Xom
Yredelemnul
Zin
The Shining One

Shops:
D:5 *


Innate Abilities, Weirdness & Mutations

You can fly.
You have a beak for a mouth.
You have claws for feet.


Message History

Casting: Flame Tongue
Confirm with . or Enter, or press ? or * to list all spells.
Aiming: Flame Tongue
Press: ? - help, Shift-Dir - straight line, f/p - giant frog
Aim: a giant frog (lightly wounded)
The flame tongue hits the giant frog.
The giant frog is heavily wounded.
The giant frog barely misses you.
Casting: Flame Tongue
Confirm with . or Enter, or press ? or * to list all spells.
Aiming: Flame Tongue
Press: ? - help, Shift-Dir - straight line, f/p - giant frog
Aim: a giant frog (heavily wounded)
The flame tongue hits the giant frog.
The giant frog is severely wounded.
The giant frog hits you!
* * * LOW HITPOINT WARNING * * *
The giant frog closely misses you. The giant frog hits you.
You die...

##########
#........#
#.######F# #)
#@# ##.#### #.#
.. #.....# #.#
#
...##..##.###.#
#.
..............#
#. ##
###........##
#. .##
#.#.......# #.
.. #.#.#.##..#
#. .# # ##+##
#.#.#.##..# #.
##.##.##


You could see a giant frog.

Vanquished Creatures
  A scorpion (D:4)
  2 hounds
  A giant frog skeleton (D:5)
  2 centaur skeletons
  3 worker ants (D:4)
  2 hound skeletons
  A gnoll (D:1)
  7 adders
  3 worms (D:2)
  An adder zombie (D:5)
  3 giant geckos
  An ooze (D:4)
  2 orcs
  5 giant cockroaches
  9 goblins
  7 hobgoblins
  2 jackals (D:3)
  8 bats
  2 giant newts (D:1)
  12 kobolds
  10 rats
84 creatures vanquished.

Notes
Turn   | Place    | Note
--------------------------------------------------------------
     0 | D:1      | kourikargou, the Tengu Fire Elementalist, began the quest for the Orb.
     0 | D:1      | Reached XP level 1. HP: 10/10 MP: 3/3
    48 | D:1      | Found an iron altar of Okawaru.
    94 | D:1      | Reached XP level 2. HP: 9/15 MP: 0/5
   432 | D:1      | Reached XP level 3. HP: 5/19 MP: 0/7
   748 | D:2      | Reached skill level 4 in Fire Magic
   748 | D:2      | Reached XP level 4. HP: 22/24 MP: 2/9
   758 | D:2      | Learned a level 3 spell: Conjure Flame
  1858 | D:3      | Reached XP level 5. HP: 21/28 MP: 5/12
  2395 | D:4      | You fall through a shaft!
  2395 | D:5      | Entered Level 5 of the Dungeon
  2516 | D:5      | Reached skill level 5 in Fire Magic
  2516 | D:5      | Reached XP level 6. HP: 8/32 MP: 1/14
  2522 | D:5      | Learned a level 4 spell: Sticky Flame
  2728 | D:5      | Found Woubept's Assorted Antiques.
  2813 | D:4      | Found a staircase to the Ecumenical Temple.
  2839 | Temple   | Entered the Ecumenical Temple
  2913 | Temple   | Became a worshipper of Vehumet
  2991 | D:4      | Reached XP level 7. HP: 6/36 MP: 1/17
  3045 | D:4      | Slain by a giant frog

Action                   |  1- 3 |  4- 6 |  7- 9 || total
-------------------------+-------+-------+-------++-------
Melee: Unarmed           |    46 |       |       ||    46
       Dagger            |       |    30 |     1 ||    31
 Cast: Flame Tongue      |    39 |   111 |     5 ||   155
       Conjure Flame     |       |     2 |       ||     2
  Use: Potion            |       |     5 |       ||     5
 Stab: Sleeping          |       |     1 |       ||     1
  Eat: Chunk             |       |     6 |     2 ||     8
